Map: Jagannatha LE

Players

Serral - Winner!

  • Race: Zerg Zerg
  • League: Grandmaster

HellraiseR

  • Race: Protoss Protoss
  • League: Grandmaster

Event: DreamHack SC2 Masters 2021 Summer

VOD

Have the link to the VOD?

Description

Time

  • Played on: May 26, 2021, 12:31 p.m.
  • Length: 9:44

All games in this series

Show
View Real Time Build Order
Export as new Build Order

Serral Zerg - Winner!

Build Orders: Pool First 

Get SALT Encoding   

  12  0:00  Drone  
  13  0:12  Overlord  
  13  0:17  Drone  
  14  0:30  Drone x2  
  14  0:34  Drone  
  17  0:45  Spawning Pool  
  16  1:04  Hatchery  
  16  1:08  Drone  
  16  1:12  Drone  
  16  1:17  Drone  
  18  1:26  Extractor  
  18  1:31  Queen  
  18  1:32  Zergling x2  
  20  1:35  Drone  
  21  1:41  Overlord  
  21  1:53  Drone  
  22  2:02  Drone  
  22  2:07  Queen  
  25  2:14  Drone  
  26  2:16  Queen  
  26  2:17  Drone  
  29  2:24  Drone  
  29  2:26  Metabolic Boost  
  30  2:30  Drone  
  30  2:35  Drone  
  32  2:39  Drone  
  32  2:42  Drone x3  
  36  2:48  Overlord  
  36  3:01  Overlord  
  36  3:06  Zergling x2  
  36  3:07  Zergling x2  
  36  3:09  Drone  
  39  3:13  Hatchery  
  39  3:14  Drone  
  39  3:15  Drone  
  39  3:17  Drone x2  
  42  3:24  Drone x2  
  44  3:29  Queen  
  44  3:33  Queen  
  48  3:38  Overlord  
  48  3:41  Drone x2  
  49  3:43  Drone  
  49  3:47  Drone  
  52  3:50  Overlord  
  52  3:59  Zergling x2, Drone x4  
  52  4:00  Drone x2  
  52  4:02  Spore Crawler  
  58  4:05  Spore Crawler  
  58  4:08  Drone x2  
  59  4:19  Zergling x4  
  59  4:21  Drone x2  
  62  4:26  Drone  
  62  4:29  Queen  
  65  4:31  Spore Crawler, Drone x2  
  65  4:37  Zergling x2  
  65  4:42  Roach Warren  
  65  4:44  Overlord  
  64  4:46  Drone  
  64  4:48  Lair  
  64  4:49  Extractor  
  64  4:50  Extractor, Overlord  
  63  4:53  Zergling x4  
  63  4:55  Drone  
  63  4:57  Overlord  
  66  5:00  Overlord  
  66  5:03  Drone x3  
  66  5:06  Drone x2  
  71  5:07  Queen  
  71  5:08  Overlord  
  71  5:10  Drone  
  71  5:13  Evolution Chamber  
  72  5:16  Zergling x2  
  72  5:17  Overlord  
  72  5:18  Drone x4  
  72  5:20  Drone  
  78  5:22  Drone  
  78  5:24  Queen  
  78  5:28  Drone x2  
  83  5:29  Extractor  
  83  5:31  Overlord  
  83  5:34  Extractor  
  83  5:35  Extractor  
  80  5:36  Drone x3  
  80  5:41  Drone x2  
  85  5:46  Queen x2  
  88  5:50  Drone x4  
  88  5:54  Hydralisk Den  
  88  5:55  Overlord  
  88  5:56  Drone  
  92  5:59  Overseer  
  92  6:08  Drone x2  
  92  6:09  Overlord x2  
  94  6:11  Zerg Missile Weapons Level 1  
  94  6:16  Hatchery  
  93  6:19  Queen  
  93  6:22  Zergling x6  
  98  6:27  Muscular Augments, Baneling Nest  
  98  6:28  Infestation Pit  
  98  6:31  Drone x4  
  98  6:32  Drone  
  101  6:33  Drone  
  101  6:35  Drone  
  101  6:36  Drone  
  101  6:39  Drone  
  107  6:40  Drone x3  
  107  6:43  Overlord  
  107  6:44  Drone  
  107  6:45  Drone x2  
  110  6:50  Overlord  
  110  6:53  Overlord  
  109  6:57  Hydralisk  
  109  6:58  Hydralisk x2  
  115  7:05  Hydralisk x3  
  121  7:11  Extractor, Drone x3  
  121  7:12  Centrifical Hooks  
  121  7:14  Hydralisk  
  125  7:19  Hydralisk x3  
  131  7:24  Overlord x2  
  131  7:32  Hydralisk x4  
  140  7:38  Grooved Spines  
  140  7:39  Hydralisk x3  
  146  7:44  Hydralisk x3  
  146  7:49  Hydralisk x3  
  157  7:54  Hydralisk x3  
  163  8:02  Overlord x3  
  163  8:03  Zergling x8  
  167  8:10  Baneling x7  
  167  8:19  Overlord x2  
  167  8:21  Hydralisk x5  
  167  8:24  Hydralisk  
  167  8:25  Zergling x10  
  184  8:32  Hatchery  
  183  8:34  Baneling  
  183  8:35  Baneling x7  
  183  8:37  Overseer  
  165  8:51  Hydralisk x8  
  173  8:57  Hydralisk x2  
  173  9:08  Hydralisk x4  
  172  9:13  Zergling x12  
  178  9:18  Extractor  
  178  9:19  Extractor  
Show
View Real Time Build Order
Export as new Build Order

HellraiseR Protoss 

Build Orders: 1 Gate Expand 

Get SALT Encoding   

  12  0:00  Probe  
  13  0:12  Probe  
  14  0:20  Pylon  
  14  0:24  Probe (Chrono Boost)  
  15  0:38  Gateway  
  15  0:39  Probe (Chrono Boost)  
  16  0:46  Probe (Chrono Boost)  
  16  0:47  Assimilator  
  17  0:54  Probe  
  18  1:06  Probe  
  19  1:18  Probe  
  20  1:27  Cybernetics Core  
  20  1:35  Nexus  
  21  1:43  Zealot (Chrono Boost)  
  22  1:48  Pylon  
  22  1:52  Assimilator  
  22  1:56  Probe  
  23  2:06  Probe  
  23  2:07  Adept (Chrono Boost)  
  26  2:19  Probe  
  26  2:20  Gateway  
  27  2:32  Probe  
  27  2:33  Stargate  
  28  2:38  Adept  
  30  2:45  Warp Gate  
  30  2:47  Probe (Chrono Boost)  
  30  2:49  Probe (Chrono Boost)  
  32  2:56  Probe (Chrono Boost)  
  34  2:59  Probe (Chrono Boost)  
  34  3:01  Probe (Chrono Boost)  
  35  3:07  Void Ray (Chrono Boost)  
  35  3:08  Probe  
  36  3:14  Probe  
  41  3:20  Probe  
  41  3:22  Pylon  
  41  3:26  Probe  
  43  3:33  Probe  
  44  3:35  Assimilator  
  44  3:38  Assimilator, Probe  
  45  3:45  Probe  
  45  3:46  Stargate  
  46  3:50  Probe  
  46  3:53  Pylon  
  47  3:57  Probe, Void Ray (Chrono Boost)  
  47  4:02  Probe  
  49  4:09  Probe  
  54  4:14  Probe  
  55  4:21  Probe, Pylon, Void Ray (Chrono Boost)  
  56  4:28  Probe  
  59  4:33  Probe  
  60  4:40  Probe, Void Ray (Chrono Boost)  
  63  4:45  Protoss Air Weapons Level 1  
  63  4:46  Adept x2  
  67  4:56  Nexus  
  67  5:03  Pylon, Probe  
  67  5:05  Pylon  
  68  5:07  Probe  
  68  5:11  Pylon  
  69  5:16  Void Ray (Chrono Boost)  
  69  5:19  Probe  
  74  5:24  Void Ray (Chrono Boost)  
  74  5:28  Shield Battery  
  78  5:31  Probe x2  
  78  5:34  Shield Battery  
  80  5:43  Void Ray (Chrono Boost)  
  80  5:45  Shield Battery  
  80  5:48  Probe x2  
  86  5:59  Void Ray (Chrono Boost)  
  86  6:00  Probe  
  86  6:03  Stargate  
  91  6:05  Probe  
  91  6:08  Forge  
  91  6:09  Probe  
  93  6:12  Void Ray (Chrono Boost)  
  93  6:14  Assimilator, Probe  
  93  6:15  Assimilator  
  94  6:20  Probe  
  94  6:22  Probe  
  100  6:25  Void Ray (Chrono Boost)  
  100  6:28  Shield Battery  
  100  6:31  Probe  
  105  6:36  Probe  
  105  6:38  Probe  
  107  6:42  Pylon  
  107  6:43  Pylon, Probe  
  108  6:49  Probe  
  109  6:56  Pylon  
  109  6:58  Void Ray x2 (Chrono Boost)  
  109  7:00  Probe x2  
  115  7:02  Probe  
  120  7:12  Probe  
  120  7:14  Fleet Beacon  
  121  7:17  Void Ray (Chrono Boost)  
  121  7:18  Probe  
  121  7:20  Pylon x2  
  126  7:38  Photon Cannon  
  126  7:40  Photon Cannon  
  125  7:44  Pylon  
  125  7:48  Flux Vanes  
  125  7:50  Twilight Council  
  125  7:55  Mothership (Chrono Boost), Gateway x2  
  125  8:04  Photon Cannon  
  125  8:05  Nexus  
  133  8:07  Photon Cannon  
  133  8:12  Photon Cannon  
  133  8:14  Shield Battery  
  133  8:22  Photon Cannon  
  133  8:23  Shield Battery  
  133  8:27  Templar Archives  
  133  8:35  Adept, Sentry, Photon Cannon  
  133  8:36  Shield Battery  
  133  8:37  Pylon  
  133  8:52  Tempest  
  133  8:53  Tempest  
  129  8:59  Probe  
  129  9:02  Zealot x4  
  117  9:19  Probe (Chrono Boost)  
  122  9:30  Zealot x2  
  122  9:31  Zealot x2  
Tags
 
Add a new tag
Caveats
  • Supply blocks, unpowered buildings, or Contaminate may cause inaccurate times.
  • Supply counts are checked every 10 seconds.